 Dungeon Crawl Stone Soup version 0.31.0-1-g2c135a008e (webtiles) character file.

Game seed: 6096471902595824271

203 qw the Shooter (level 6, -3/50 HPs)
             Began as a Djinni Hunter on Jan 23, 2024.
             Slain by an ogre
             ... wielding a +0 giant club
              (23 damage)
             ... on level 5 of the Dungeon.
             The game lasted 00:00:08 (2796 turns).

qw the Shooter (Djinni Hunter)                      Turns: 2796, Time: 00:00:09

Health: -3/50      AC: 10    Str: 10    XL:     6   Next: 8%
Gold:   227        EV: 11    Int: 10    God:
                   SH:  0    Dex: 19

rFire   + + .        j - +1 arbalest
rCold   x . .        (shield currently unavailable)
rNeg    . . .        i - +0 ring mail
rPois   inf          (no helmet)
rElec   .            f - +2 cloak
rCorr   .            a - +1 pair of gloves
SInv    .            (boots unavailable)
Will    .....        (no amulet)
Stlth   +            (no ring)
HPRegen 0.28/turn    (no ring)
MPRegen 0.00/turn

%: infuse magic (-4 HP)
@: flying
A: sickness immunity, fire resistance 2, cold vulnerability 1, float, innate
caster, HP casting, extra vitality 1, robust 1, evolution 1, persistent drain
a: no special abilities


You were on level 5 of the Dungeon.
You visited 1 branch of the dungeon, and saw 5 of its levels.

You collected 227 gold pieces.


Innate Abilities, Weirdness & Mutations

You are immune to sickness and miasma.
You are immune to poison.
Your flesh is very heat resistant. (rF++)
You are vulnerable to cold. (rC-)
You float through the air rather than walking.
You learn spells naturally, not from books.
Your magical power is your life essence.
You have superior vitality. (+4 MHP)
You are robust. (+10% HP)
You have hidden genetic potential.
Your health recovers twice as slowly from being drained.


   Skills:
 - Level 3.0 Fighting
 - Level 5.2 Ranged Weapons
 - Level 1.0 Armour
 + Level 2.2 Dodging
 - Level 0.7 Stealth


You knew the following spells:

 Your Spells              Type           Power      Damage    Failure   Level
a - Summon Small Mammal   Summ           0%         N/A       67%         1
b - Scorch                Fire           0%         2d5       82%         2
Your spell library was empty.

Inventory:

Hand Weapons
 j - a +1 arbalest (weapon)
Armour
 a - a +1 pair of gloves (worn)
 f - a +2 cloak (worn)
 i - a +0 ring mail (worn)
Scrolls
 b - a scroll of teleportation
 e - 2 scrolls of immolation {unknown}
Potions
 c - a potion of curing {unknown}
 d - a potion of enlightenment

Dungeon Overview and Level Annotations

Branches:
Dungeon (5/15)
 Temple: D:4-7

Altars:


Message History

You shoot a bolt. The bolt barely misses the endoplasm.
The endoplasm quivers.
You shoot a bolt. The bolt hits the endoplasm!
You kill the endoplasm!
Done exploring.
Done exploring.
2676 ||| UPGRADING to +1 pair of gloves.
You start putting on your armour.
You continue putting on your +1 pair of gloves. x4
You finish putting on your +1 pair of gloves.
Done exploring.
What level of the Dungeon? (default 4, ? - help)
You see here a +0 club.
There is a stone staircase leading down here.
You fly downwards.
There is a stone staircase leading up here.
Waypoint 4 assigned to D:5.
You reach down and open the door.
There is an open door here.
You reach down and open the door.
There is an open door here.
You now have 227 gold pieces (gained 9).
e - 2 scrolls labelled WUPNEJ KIFIYXOLU An ogre comes into view.
It is wielding a +0 giant club.
The ogre shouts!
You shoot a bolt. The bolt closely misses the ogre.
You shoot a bolt. The bolt hits the ogre.
The ogre is lightly wounded.
The ogre closely misses you.
The ogre hits you with a +0 giant club!!
You shoot a bolt. The bolt hits the ogre!
The ogre is heavily wounded.
The ogre hits you with a +0 giant club!
You shoot a bolt. The bolt hits the ogre!
The ogre is almost dead.
The ogre closely misses you.
You shoot a bolt. The bolt hits the ogre.
The ogre is almost dead.
The ogre hits you with a +0 giant club!!
You die...

# ####.# #.O..# #
####@################
#...................'
#.##.################
# #.# # #.# #.# #.#
#.# #.#


You could see an ogre.

Vanquished Creatures
  An ogre (D:4)
  A jelly (D:4)
  2 adders
  2 dart slugs
  6 ball pythons
  11 endoplasms
  2 giant cockroaches
  7 goblins
  5 hobgoblins
  4 jackals (D:1)
  3 kobolds
  3 quokkas
  5 bats
  A frilled lizard (D:1)
  7 rats
60 creatures vanquished.

Notes
Turn   | Place    | Note
-------+----------+-------------------------------------------
     0 | D:1      | qw the Djinni Hunter began the quest for the Orb.
     0 | D:1      | Reached XP level 1. HP: 18/18 MP: 0/0
     0 | D:1      | 0 ||| qw: Version: 0.3-a-135-gb77e89d
     0 | D:1      | 0 ||| qw: Game counter: 792
     0 | D:1      | 0 ||| qw: Melee chars always use a shield: true
     0 | D:1      | 0 ||| qw: God list: Okawaru
     0 | D:1      | 0 ||| qw: Allow faded altars: false
     0 | D:1      | 0 ||| qw: Do Orc after clearing Dungeon:15 true
     0 | D:1      | 0 ||| qw: Do second Lair branch before Depths: true
     0 | D:1      | 0 ||| qw: Lair rune preference: random
     0 | D:1      | 0 ||| qw: Goals: Normal
     0 | D:1      | 0 ||| PLANNING D:1-11
    51 | D:1      | Reached XP level 2. HP: 17/23 MP: 0/0
   753 | D:1      | Reached skill level 4 in Ranged Weapons
   753 | D:1      | Reached XP level 3. HP: 28/28 MP: 0/0
   753 | D:1      | Learned a level 1 spell: Summon Small Mammal
   826 | D:1      | 826 ||| SWAPPING to +0 arbalest.
   827 | D:1      | 827 ||| DROPPING +0 shortbow.
   938 | D:1      | 938 ||| UPGRADING to +0 cloak.
   943 | D:1      | 943 ||| UPGRADING to +0 ring mail.
   953 | D:1      | 953 ||| DROPPING +0 leather armour.
   954 | D:1      | 954 ||| DROPPING ring of wizardry.
   955 | D:1      | 955 ||| READING scroll labelled BUTHOGEJIZ.
   955 | D:1      | 955 ||| IDENTIFYING clear potion
   956 | D:1      | 956 ||| DROPPING scroll of butterflies.
  1226 | D:2      | Reached skill level 1 in Armour
  1341 | D:2      | 1341 ||| READING scroll labelled MOEQEL WENNO.
  1342 | D:2      | 1342 ||| READING 2 scrolls labelled GOOKKO ZUATH.
  1342 | D:2      | 1342 ||| ENCHANTING +0 cloak.
  1343 | D:2      | 1343 ||| READING scroll of enchant armour.
  1343 | D:2      | 1343 ||| ENCHANTING +1 cloak.
  1344 | D:2      | 1344 ||| DRINKING 2 sedimented grey potions.
  1345 | D:2      | 1345 ||| DRINKING 2 glowing green potions.
  1345 | D:2      | Gained mutation: Your health recovers twice as slowly from
                  | being drained. [potion of mutation]
  1345 | D:2      | Gained mutation: You are robust. (+10% HP) [potion of
                  | mutation]
  1353 | D:2      | 1353 ||| DRINKING potion of mutation.
  1353 | D:2      | Lost mutation: Your health recovers twice as slowly from
                  | being drained. [potion of mutation]
  1353 | D:2      | Lost mutation: You are robust. (+10% HP) [potion of
                  | mutation]
  1353 | D:2      | Gained mutation: You sometimes lose your temper in combat.
                  | [potion of mutation]
  1353 | D:2      | Gained mutation: You are partially covered in iridescent
                  | scales. (AC +2) [potion of mutation]
  1354 | D:2      | 1354 ||| DROPPING potion of degeneration.
  1414 | D:3      | Found a faded altar of an unknown god.
  1476 | D:3      | Reached XP level 4. HP: 34/34 MP: 0/0
  1579 | D:3      | Reached skill level 3 in Fighting
  1966 | D:3      | 1966 ||| READING 2 scrolls of identify.
  1966 | D:3      | 1966 ||| IDENTIFYING metallic sapphire potion
  1967 | D:3      | 1967 ||| READING scroll of identify.
  1967 | D:3      | 1967 ||| IDENTIFYING smoky black potion
  1968 | D:3      | 1968 ||| READING 2 scrolls labelled LUGY PUIPSA.
  1972 | D:3      | 1972 ||| READING scroll labelled BIUC HEGH.
  1972 | D:3      | 1972 ||| ENCHANTING +0 arbalest.
  1973 | D:3      | 1973 ||| READING scroll labelled AGGOS YCZI.
  1974 | D:3      | 1974 ||| DROPPING potion of berserk rage.
  1975 | D:3      | 1975 ||| DROPPING potion of ambrosia.
  2078 | D:4      | Reached XP level 5. HP: 40/40 MP: 0/0
  2078 | D:4      | Learned a level 2 spell: Scorch
  2092 | D:4      | 2092 ||| DRINKING 2 potions of mutation.
  2092 | D:4      | Lost mutation: You are partially covered in iridescent
                  | scales. (AC +2) [potion of mutation]
  2092 | D:4      | Lost mutation: You sometimes lose your temper in combat.
                  | [potion of mutation]
  2093 | D:4      | 2093 ||| DRINKING potion of mutation.
  2093 | D:4      | Gained mutation: You have hidden genetic potential. [potion
                  | of mutation]
  2093 | D:4      | Gained mutation: Your health recovers twice as slowly from
                  | being drained. [potion of mutation]
  2396 | D:4      | Noticed an ogre
  2400 | D:4      | Killed an ogre
  2401 | D:4      | Reached skill level 5 in Ranged Weapons
  2401 | D:4      | Reached XP level 6. HP: 46/46 MP: 0/0
  2401 | D:4      | Gained mutation: You are robust. (+10% HP) [hidden
                  | potential]
  2676 | D:4      | 2676 ||| UPGRADING to +1 pair of gloves.
  2713 | D:5      | Entered Level 5 of the Dungeon
  2791 | D:5      | Noticed an ogre
  2796 | D:5      | Slain by an ogre

Levels and vault maps discovered:
D:1:      nicolae_arrival_somewhat_less_tricky_arrival, layout_basic
D:2:      layout_rooms
D:3:      layout_basic, ebering_ecumenical_altar_mist
D:4:      layout_layer_cave
D:5:      layout_basic, cheibrodos_ashenzari_chains, minmay_temple_entry_waves,
          gammafunk_ghost_split, uniq_blork_the_orc, uniq_menkaure

Skill      XL: |  1  2  3  4  5 |
---------------+----------------+-----
Ranged Weapons | 4 5 |  5.2
Armour         | 1 |  1.0
Fighting       | 3 |  3.0
Dodging        | |  2.2
Stealth        | |  0.7

Action                     |  1- 3 |  4- 6 || total
---------------------------+-------+-------++-------
   Fire: Shortbow          |    34 |       ||    34
         Arbalest          |    32 |    64 ||    96
    Use: Scroll            |     4 |     5 ||     9
         Potion            |     3 |     2 ||     5
 Armour: Leather armour    |     7 |       ||     7
         Ring mail         |     4 |    29 ||    33
  Dodge: Dodged            |    26 |    30 ||    56

Table legend:
 A = Non-vault XP
 B = Vault XP
 C = Vault XP percentage of total XP
 D = Non-vault monster count
 E = Vault monster count
 F = Vault count percentage of total count
                 A         B        C        D         E       F
            +---------+---------+-------+---------+---------+-------
      Total |     291 |       0 |   0.0 |      60 |       0 |   0.0
            +---------+---------+-------+---------+---------+-------
        D:1 |      31 |       0 |   0.0 |      17 |       0 |   0.0
        D:2 |      26 |       0 |   0.0 |      11 |       0 |   0.0
        D:3 |      43 |       0 |   0.0 |      17 |       0 |   0.0
        D:4 |     191 |       0 |   0.0 |      15 |       0 |   0.0
            +---------+---------+-------+---------+---------+-------
